 Dungeon Crawl Stone Soup version 0.30.1-4-g462c640d31 (webtiles) character file.

Game seed: 14516741044855357288

408 Arctor the Firebug (level 6, -5/32 HPs)
             Began as a Gargoyle Fire Elementalist on Aug 26, 2023.
             Slain by an ogre
             ... wielding a +0 giant spiked club
              (23 damage)
             ... on level 4 of the Dungeon.
             The game lasted 00:04:08 (2661 turns).

Arctor the Firebug (Gargoyle Fire Elementalist)     Turns: 2661, Time: 00:04:08

Health: -5/32      AC: 11    Str: 12    XL:     6   Next: 88%
Magic:  11/11      EV: 12    Int: 17    God:
Gold:   106        SH:  0    Dex: 10    Spells: 4/11 levels left

rFire   . . .        n - +1 spear (heavy)
rCold   . . .        (no shield)
rNeg    + . .        a - +0 robe
rPois   ∞            (no helmet)
rElec   +            (no cloak)
rCorr   .            c - +0 pair of gloves
SInv    .            (no boots)
Will    .....        (no amulet)
Stlth   ++           h - +4 ring of protection
HPRegen 0.25/turn    (no ring)
MPRegen 0.12/turn

%: no passive effects
@: no status effects
A: sickness immunity, AC +4, negative energy resistance 1, electricity
resistance, torment resistance 1, petrification resistance
a: no special abilities


You were on level 4 of the Dungeon.
You visited 1 branch of the dungeon, and saw 4 of its levels.

You collected 106 gold pieces.

Inventory:

Hand Weapons
 d - a +0 dagger
 j - a +0 short sword of electrocution
 n - a +1 heavy spear (weapon)
Armour
 a - a +0 robe (worn)
 c - a +0 pair of gloves (worn)
Jewellery
 h - a +4 ring of protection (left hand)
Scrolls
 i - a scroll of magic mapping {unknown}
 m - a scroll of identify {unknown}
 p - a scroll of summoning {unknown}
Potions
 b - a potion of magic
 e - 2 potions of ambrosia {unknown}
 f - a potion of berserk rage {unknown}
 g - 2 potions of mutation {unknown}
 k - a potion of heal wounds {unknown}
 l - a potion of haste {unknown}
 o - a potion of curing {unknown}


   Skills:
 + Level 2.9 Dodging
 + Level 4.2 Stealth
 + Level 3.3 Spellcasting
 + Level 3.3 Conjurations
 + Level 4.2 Fire Magic


You had 4 spell levels left.
You knew the following spells:

 Your Spells              Type           Power      Damage    Failure   Level
a - Foxfire               Conj/Fire      60%        2x1d7     3%          1
b - Scorch                Fire           34%        2d6       4%          2
c - Flame Wave            Conj/Fire      15%        2d7       34%         4

Your spell library contained the following spells:

 Spells                   Type           Power      Damage    Failure   Level
 Inner Flame              Hex/Fire       10%        N/A       22%         3
 Volatile Blastmotes      Fire/Tloc      20%        2d11      22%         3


Dungeon Overview and Level Annotations

Branches:
Dungeon (4/15)
 Temple: D:4-7

Altars:
Ru
Trog

Shops:
D:3 :

Annotations:
D:2 Robin


Innate Abilities, Weirdness & Mutations

You are immune to sickness and miasma.
Your stone body is resilient. (AC +4)
You are immune to poison.
You resist negative energy. (rN+)
You are resistant to electric shocks. (rElec)
You are resistant to unholy torment.
You are immune to petrification.


Message History

No target in view!
Done exploring.
No target in view!
Search for what [? for help]? artifact Can't find anything matching that.
Done exploring.
No target in view!
Done exploring.
No target in view!
Done exploring.
No target in view!
(D) Dungeon
Where to? (Enter - D:2, ? - help)
What level of the Dungeon? (default 1, ? - help)
You see here a +0 club.
There is a stone staircase leading down here.
You climb downwards.
Found a scroll labelled LUVEPSAI GUET and 13 gold pieces.
There is a stone staircase leading up here.
An ogre is nearby!
Found 16 gold pieces.
An ogre is nearby!
An ogre is nearby!
An ogre is nearby!
You reach to attack!
The helpless ogre fails to defend itself.
You puncture the ogre!
The ogre is moderately wounded.
An ogre is nearby!
You hit the ogre.
The ogre is heavily wounded.
The ogre hits you with a +0 giant spiked club!
You barely miss the ogre.
The ogre is heavily wounded.
The ogre misses you.
You puncture the ogre! Your punch misses the ogre.
The ogre is severely wounded.
The ogre hits you with a +0 giant spiked club!!
Ouch! That really hurt!
You die...

....# ......####
.........
#....... ##
.#....... #.###
........##....#
.........<....##
......$?.......#
....##@.........
#....O..........
#...............
#..###..........
#.. ...........
.# ........#...
..........$
...#......


You could see an ogre.

Vanquished Creatures
  Grinder (D:3)
  A scorpion (D:3)
  A jelly (D:3)
  4 gnolls (D:3)
  3 adders (D:3)
  2 dart slugs
  4 bats
  3 endoplasms
  3 giant cockroaches
  6 goblins
  3 hobgoblins
  4 jackals (D:2)
  10 kobolds
  7 frilled lizards
  4 rats
56 creatures vanquished.

Vanquished Creatures (others)
  94 foxfires
94 creatures vanquished.

Grand Total: 150 creatures vanquished

Notes
Turn   | Place    | Note
-------+----------+-------------------------------------------
     0 | D:1      | Arctor the Gargoyle Fire Elementalist began the quest for
                  | the Orb.
     0 | D:1      | Reached XP level 1. HP: 10/10 MP: 3/3
   267 | D:1      | Reached XP level 2. HP: 15/15 MP: 0/5
  1159 | D:1      | Reached XP level 3. HP: 19/19 MP: 6/6
  1606 | D:2      | Noticed Robin
  1624 | D:3      | Learned a level 2 spell: Scorch
  1711 | D:3      | Reached XP level 4. HP: 21/24 MP: 7/7
  1887 | D:3      | Found a bloodstained altar of Trog.
  1940 | D:3      | Noticed a scorpion
  1948 | D:3      | Killed a scorpion
  1949 | D:3      | Reached XP level 5. HP: 28/28 MP: 5/9
  1980 | D:3      | Noticed Grinder
  1980 | D:3      | Paralysed by Grinder for 2 turns
  1985 | D:3      | Paralysed by Grinder for 3 turns
  1998 | D:3      | Paralysed by Grinder for 5 turns
  2011 | D:3      | Killed Grinder
  2012 | D:3      | Reached XP level 6. HP: 26/32 MP: 0/10
  2017 | D:3      | Learned a level 4 spell: Flame Wave
  2193 | D:3      | Found a sacrificial altar of Ru.
  2327 | D:3      | Found Nymuem's Book Emporium.
  2661 | D:4      | Slain by an ogre

Illustrated notes

Levels and vault maps discovered:
D:1:      minmay_arrival_shoal_huts, layout_basic, amethyst_killhole,
          lexackson_kobold_supper
D:2:      layout_basic, uniq_robin
D:3:      layout_basic, lemuel_round_altar, mainiacjoe_overflow_paths,
          serial_shops, shop, minmay_stone_trees_large,
          nicolae_figureground_pulse, uniq_grinder
D:4:      layout_cave_pools, mainiacjoe_overflow_alcove_1

Skill      XL: |  1  2  3  4  5 |
---------------+----------------+-----
Dodging        | 2 |  2.9
Stealth        | 3 4 |  4.2
Conjurations   | 2 3 |  3.3
Spellcasting   | 3 |  3.3
Fire Magic     | 4 |  4.2

Action                     |  1- 3 |  4- 6 || total
---------------------------+-------+-------++-------
  Melee: Unarmed           |    21 |       ||    21
         Dagger            |    38 |       ||    38
         Short sword       |    30 |    48 ||    78
         Punch             |     1 |       ||     1
         Spear             |       |    22 ||    22
   Cast: Foxfire           |    41 |    22 ||    63
         Scorch            |       |     2 ||     2
    Use: Scroll            |     1 |       ||     1
   Stab: Distracted        |     1 |       ||     1
         Sleeping          |     2 |     5 ||     7
 Armour: Robe              |    55 |    24 ||    79
  Dodge: Dodged            |    60 |    45 ||   105
